 Dungeon Crawl Stone Soup version 0.26-a0-812-g31a745ddcd (webtiles) character file.

Game seed: 2721267203014260162

1648 vurker the Sneak (level 9, -5/65 HPs)
             Began as a Gnoll Enchanter on Dec 5, 2020.
             Was a Believer of Cheibriados.
             Slain by an ice beast (10 damage)
             ... on level 6 of the Dungeon.
             The game lasted 00:12:45 (8638 turns).

vurker the Sneak (Gnoll Enchanter)                  Turns: 8638, Time: 00:12:46

Health: -5/65      AC: -4    Str: 15    XL:     9   Next: 0%
Magic:  18/18      EV: 14    Int: 31    God:    Cheibriados [**....]
Gold:   251        SH:  0    Dex: 19    Spells: 19/20 levels left

rFire    . . .     SeeInvis .   a - +3 falchion
rCold    . . .     Faith    .   (no shield)
rNeg     . . .     Spirit   .   l - +0 ring mail {rPois}
rPois    +         Reflect  .   o - +0 helmet
rElec    .         Harm     .   (no cloak)
rCorr    .         Rampage  .   i - +0 pair of gloves
MR       .....                  (no boots)
Stlth    +++.......             (no amulet)
HPRegen  0.20/turn              j - +6 ring of intelligence
MPRegen  0.16/turn              (no ring)

@: about to teleport, corroded, drained, very slow
A: distributed training, fangs 1, strong nose
a: Bend Time, Renounce Religion


You were on level 6 of the Dungeon.
You worshipped Cheibriados.
Cheibriados was pleased with you.
You visited 2 branches of the dungeon, and saw 7 of its levels.

You collected 251 gold pieces.

Inventory:

Hand Weapons
 a - a +3 falchion (weapon)
   (You took it off a wight on level 6 of the Dungeon)
 q - a +4 dagger
   (You took it off a wight on level 6 of the Dungeon)
Armour
 i - a +0 pair of gloves (worn)
   (You found it on level 2 of the Dungeon)
 l - a +0 ring mail of poison resistance (worn)
   (You took it off an orc on level 3 of the Dungeon)
 o - a +0 helmet (worn)
   (You took it off Robin on level 3 of the Dungeon)
Jewellery
 e - an uncursed ring of fire
   (You found it on level 5 of the Dungeon)
 j - a +6 ring of intelligence (left hand)
   (You found it on level 2 of the Dungeon)
Wands
 c - a wand of disintegration (6)
   (You found it on level 4 of the Dungeon)
 x - a wand of acid (6)
   (You found it on level 5 of the Dungeon)
Scrolls
 b - a scroll of teleportation
 k - 3 scrolls of amnesia
 n - a scroll of immolation
 p - 2 scrolls of enchant weapon
Potions
 d - a potion of flight
 f - 4 potions of curing
 g - 2 potions of mutation
 h - 4 potions of lignification
 m - a potion of haste


   Skills:
 + Level 3.7(2.8) Fighting
 + Level 4.6(3.7) Short Blades
 + Level 3.7(2.8) Long Blades
 + Level 3.7(2.8) Axes
 + Level 3.7(2.8) Maces & Flails
 + Level 3.7(2.8) Polearms
 + Level 3.7(2.8) Staves
 + Level 3.7(2.8) Slings
 + Level 3.7(2.8) Bows
 + Level 3.7(2.8) Crossbows
 + Level 3.7(2.8) Throwing
 + Level 3.7(2.8) Armour
 + Level 6.0(5.0) Dodging
 + Level 7.1(6.1) Stealth
 + Level 3.7(2.8) Shields
 + Level 3.7(2.8) Unarmed Combat
 + Level 6.3(5.3) Spellcasting
 + Level 3.1(2.2) Conjurations
 + Level 6.3(5.3) Hexes
 + Level 3.1(2.2) Summonings
 + Level 3.1(2.2) Necromancy
 + Level 3.1(2.2) Translocations
 + Level 3.1(2.2) Transmutations
 + Level 3.1(2.2) Fire Magic
 + Level 3.1(2.2) Ice Magic
 + Level 3.1(2.2) Air Magic
 + Level 3.1(2.2) Earth Magic
 + Level 3.1(2.2) Poison Magic
 + Level 4.1(3.2) Invocations
 + Level 3.7(2.8) Evocations


You had 19 spell levels left.
You knew the following spells:

 Your Spells              Type           Power        Failure   Level
a - Corona                Hex            #####..      1%          1

Your spell library contained the following spells:

 Spells                   Type           Power        Failure   Level
 Ensorcelled Hibernation  Hex/Ice        ####..       3%          2
 Confusing Touch          Hex            #####...     3%          3
 Tukima's Dance           Hex            #####...     3%          3
 Dazzling Flash           Conj/Hex       ####..       6%          3


Dungeon Overview and Level Annotations

Branches:
Dungeon (6/15)             Temple (1/1) D:4

Altars:
Ashenzari
Cheibriados
Elyvilon
Gozag
Kikubaaqudgha
Nemelex Xobeh
Qazlal
Ru
Sif Muna
Trog
Uskayaw
Vehumet
Wu Jian
Yredelemnul
Zin
The Shining One

Shops:
D:3 *

Annotations:
D:4 2 transporters, psellion's ghost, novice HaDe


Innate Abilities, Weirdness & Mutations

Your experience applies equally to all skills.
You have very sharp teeth.
Your uncanny sense of smell can sniff out nearby items.


Message History

You feel clever.
There is a stone staircase leading up here.
You now have 251 gold pieces (gained 3).
p - 2 scrolls of enchant weapon (gained 1)
Found a club.
Found a chain mail.
A centaur comes into view.
The centaur shouts!
The centaur wields a cursed -3 shortbow.
The centaur shoots an arrow.
The arrow hits you.
The centaur shoots an arrow.
The arrow barely misses you.
Things that are here:
an arrow; a club A centaur is nearby!
A jelly comes into view.
The centaur shoots an arrow.
The arrow completely misses you.
The centaur shoots an arrow.
The arrow misses you.
An ice beast comes into view.
Found a ring mail.
You see here an arrow.
The centaur hits you with a cursed -3 shortbow.
The centaur misses you.
You barely miss the centaur.
The centaur hits you but does no damage.
The centaur hits you with a cursed -3 shortbow.
You hit the jelly. The acid corrodes you!
Your hands burn!
The centaur hits you with a cursed -3 shortbow.
The jelly hits you. The acid corrodes you!
You are splashed with acid.
You hit the jelly but do no damage.
Your hands burn!
The centaur hits you with a cursed -3 shortbow.
The jelly hits you.
You are splashed with acid.
The centaur hits you with a cursed -3 shortbow.
You barely miss the jelly. The jelly hits you.
* * * LOW HITPOINT WARNING * * *
The acid corrodes you!
You are splashed with acid!
* * * LOW HITPOINT WARNING * * *
The centaur misses you. The ice beast hits you.
* * * LOW HITPOINT WARNING * * *
The ice beast freezes you.
* * * LOW HITPOINT WARNING * * *
As you read the scroll of teleportation, it crumbles to dust.
You feel strangely unstable. The centaur completely misses you.
You riposte.
You barely miss the centaur. The jelly hits you.
* * * LOW HITPOINT WARNING * * *
The acid corrodes you!
You are splashed with acid.
* * * LOW HITPOINT WARNING * * *
The ice beast hits you.
* * * LOW HITPOINT WARNING * * *
The ice beast freezes you!
You die...

∆ #.#..###### ∆
#....# #.##.# #
#.##.#
#..#######.##.#
#..........##.[
###.####.##.#####
## #...c.##.##.#
#. .#.#.#@##.##.#
#.
......YJ((....#
#.
....#.#..######
#. .. .....[# ##
.##.##.# # #. #.#
# #.. ... ..[


You could see an ice beast, a centaur and a jelly.

Vanquished Creatures
  Sigmund (D:4)
  4 ogres (D:5)
  2 bullfrogs
  4 wights (D:6)
  A vampire bat (D:4)
  A hound (D:4)
  2 orc priests (D:4)
  2 bullfrog skeletons
  A centaur skeleton (D:4)
  Jessica (D:3)
  2 iguanas (D:5)
  4 orc wizards
  4 worker ants
  A hound zombie (D:6)
  A hound skeleton (D:4)
  Robin (D:3)
  11 adders
  7 gnolls
  A white imp (D:6)
  4 oozes
  3 worms
  2 dart slugs (D:1)
  3 leopard geckos
  20 orcs
  4 bat zombies (D:4)
  5 giant cockroaches
  21 goblins
  7 hobgoblins
  11 jackals
  3 quokkas
  2 ball pythons (D:2)
  6 bats
  4 frilled lizards
  4 kobolds
  A leopard gecko skeleton (D:4)
  6 rats
157 creatures vanquished.

Notes
Turn   | Place    | Note
-------+----------+-------------------------------------------
     0 | D:1      | vurker the Gnoll Enchanter began the quest for the Orb.
     0 | D:1      | Reached XP level 1. HP: 13/13 MP: 6/6
    93 | D:1      | Reached XP level 2. HP: 17/19 MP: 7/7
   651 | D:1      | Reached XP level 3. HP: 15/25 MP: 9/9
   757 | D:1      | Reached skill level 5 in Spellcasting
   984 | D:1      | Reached skill level 6 in Stealth
  1275 | D:1      | Reached skill level 1 in Invocations
  1533 | D:2      | Noticed a bullfrog
  1540 | D:2      | Killed a bullfrog
  1540 | D:2      | Reached skill level 1 in Fighting
  1540 | D:2      | Reached skill level 1 in Long Blades
  1540 | D:2      | Reached skill level 1 in Axes
  1540 | D:2      | Reached skill level 1 in Maces & Flails
  1540 | D:2      | Reached skill level 1 in Polearms
  1540 | D:2      | Reached skill level 1 in Staves
  1540 | D:2      | Reached skill level 1 in Slings
  1540 | D:2      | Reached skill level 1 in Bows
  1540 | D:2      | Reached skill level 1 in Crossbows
  1540 | D:2      | Reached skill level 1 in Throwing
  1540 | D:2      | Reached skill level 1 in Armour
  1540 | D:2      | Reached skill level 1 in Shields
  1540 | D:2      | Reached skill level 1 in Unarmed Combat
  1540 | D:2      | Reached skill level 1 in Conjurations
  1540 | D:2      | Reached skill level 1 in Summonings
  1540 | D:2      | Reached skill level 1 in Necromancy
  1540 | D:2      | Reached skill level 1 in Translocations
  1540 | D:2      | Reached skill level 1 in Transmutations
  1540 | D:2      | Reached skill level 1 in Fire Magic
  1540 | D:2      | Reached skill level 1 in Ice Magic
  1540 | D:2      | Reached skill level 1 in Air Magic
  1540 | D:2      | Reached skill level 1 in Earth Magic
  1540 | D:2      | Reached skill level 1 in Poison Magic
  1540 | D:2      | Reached skill level 1 in Evocations
  1540 | D:2      | Reached XP level 4. HP: 32/32 MP: 11/11
  1638 | D:2      | Found a hide-covered altar of Uskayaw.
  1645 | D:2      | Found a glowing silver altar of Zin.
  1651 | D:2      | Found a stormy altar of Qazlal.
  1746 | D:2      | Reached XP level 5. HP: 36/37 MP: 12/12
  2627 | D:3      | Noticed Jessica
  2667 | D:3      | Killed Jessica
  3005 | D:3      | Reached XP level 6. HP: 22/44 MP: 13/13
  3185 | D:3      | Found a broken altar of Ashenzari.
  3186 | D:3      | Found a shimmering blue altar of Sif Muna.
  3584 | D:3      | Reached skill level 5 in Dodging
  3635 | D:3      | Found an opulent altar of Gozag.
  3699 | D:3      | Noticed Robin
  3728 | D:3      | Killed Robin
  3872 | D:3      | Found Gozag's Platinum Reserve.
  4611 | D:4      | Found an ancient bone altar of Kikubaaqudgha.
  4723 | D:4      | Reached XP level 7. HP: 42/50 MP: 15/15
  5469 | D:4      | Found a sacrificial altar of Ru.
  5561 | D:4      | Noticed Sigmund
  5564 | D:4      | Killed Sigmund
  5619 | D:4      | Found a staircase to the Ecumenical Temple.
  5636 | Temple   | Entered the Ecumenical Temple
  5649 | Temple   | Became a worshipper of Cheibriados the Contemplative
  5870 | D:4      | Found a transporter.
  5873 | D:4      | Found a transporter.
  5873 | D:4      | Noticed psellion's ghost (novice HaDe)
  6282 | D:4      | Reached XP level 8. HP: 57/57 MP: 16/16
  6386 | D:5      | Entered Level 5 of the Dungeon
  7789 | D:5      | Reached * piety under Cheibriados
  7896 | D:5      | Reached skill level 7 in Stealth
  8588 | D:6      | Reached ** piety under Cheibriados
  8588 | D:6      | Reached XP level 9. HP: 60/65 MP: 18/18
  8638 | D:6      | Slain by an ice beast

Illustrated notes

Levels and vault maps discovered:
D:1:      shiori_arrival_elements, layout_loops_corners, minmay_pentomino_q4
D:2:      layout_basic, minmay_overflow_temple_star_quad
D:3:      layout_basic, chequers_temple_overflow_statue_of_worship,
          dk_vineyard_1, nicolae_gozag_zags_fifth_avenue, uniq_jessica,
          uniq_robin
D:4:      layout_loops_corners, kennysheep_vampire_church,
          minmay_temple_entry_arrows, lightli_ossuary_entry_decrepit_ruins,
          gammafunk_ghost_mausoleum, hangedman_ru_absence, uniq_sigmund
D:5:      layout_gridville, skrybe_limestone_x
D:6:      layout_loops_ring, tso_metal_star
Temple:   zaba_magenta_temple

Skill      XL: |  1  2  3  4  5  6  7  8 |
---------------+-------------------------+-----
Spellcasting   | 5 6 |  6.3
Stealth        | 6 7 |  7.1
Invocations    | 1 2 3 4 |  4.1
Fighting       | 1 2 3 |  3.7
Long Blades    | 1 2 3 |  3.7
Axes           | 1 2 3 |  3.7
Maces & Flails | 1 2 3 |  3.7
Polearms       | 1 2 3 |  3.7
Staves         | 1 2 3 |  3.7
Slings         | 1 2 3 |  3.7
Bows           | 1 2 3 |  3.7
Crossbows      | 1 2 3 |  3.7
Throwing       | 1 2 3 |  3.7
Armour         | 1 2 3 |  3.7
Shields        | 1 2 3 |  3.7
Unarmed Combat | 1 2 3 |  3.7
Conjurations   | 1 2 3 |  3.1
Summonings     | 1 2 3 |  3.1
Necromancy     | 1 2 3 |  3.1
Translocations | 1 2 3 |  3.1
Transmutations | 1 2 3 |  3.1
Fire Magic     | 1 2 3 |  3.1
Ice Magic      | 1 2 3 |  3.1
Air Magic      | 1 2 3 |  3.1
Earth Magic    | 1 2 3 |  3.1
Poison Magic   | 1 2 3 |  3.1
Evocations     | 1 2 3 |  3.7
Short Blades   | 3 4 |  4.6
Dodging        | 5 6 |  6.0
Hexes          | 6 |  6.3

Action                   |  1- 3 |  4- 6 |  7- 9 || total
-------------------------+-------+-------+-------++-------
Melee: Dagger            |    84 |   468 |   508 ||  1060
       Bite              |     5 |    57 |    57 ||   119
       Punch             |       |     2 |     8 ||    10
       Falchion          |       |       |    22 ||    22
Evoke: Wand              |       |       |    14 ||    14
  Use: Scroll            |       |     2 |    12 ||    14
       Potion            |       |     1 |     2 ||     3
 Stab: Sleeping          |     7 |    11 |     9 ||    27
       Distracted        |       |       |     1 ||     1
Armor: Robe              |     2 |       |       ||     2
       Ring mail         |    13 |   145 |   121 ||   279
Dodge: Dodged            |    44 |   306 |   283 ||   633
       Rpst.: Falchion   |       |       |     4 ||     4

Table legend: (Time is in decaauts)
 A = Elapsed time spent in this place.
 B = Non-inter-level travel time spent in this place.
 C = Inter-level travel time spent in this place.
 D = Time resting spent in this place.
 E = Time spent auto-exploring this place.
 F = Levels seen in this place.
 G = Mean time per level.
                   A        B        C        D        E       F      G
               +--------+--------+--------+--------+--------+-----+--------+
         Total |   8857 |   8420 |    437 |    246 |   6441 |   7 | 1265.3 |
       Dungeon |   8828 |   8406 |    422 |    246 |   6432 |   6 | 1471.3 |
        Temple |     29 |     14 |     15 |      0 |      9 |   1 |   29.0 |
               +--------+--------+--------+--------+--------+-----+--------+

Top non-repeatable levels by time:
     D:4: 2292 daAuts
     D:5: 1665 daAuts
     D:3: 1621 daAuts
     D:1: 1490 daAuts
     D:2: 1078 daAuts
     D:6: 680 daAuts
  Temple: 29 daAuts
